 Dungeon Crawl Stone Soup version 0.24.0-13-gcf9b319 (webtiles) character file.

Game seed: 3856504105039744880, levelgen mode: deterministic

233 Doobh the Insei (level 5, 0/42 HPs)
             Began as a Demonspawn Transmuter on Jan 5, 2020.
             Succumbed to a scorpion's poison
             ... on level 3 of the Dungeon.
             The game lasted 00:13:05 (3689 turns).

Doobh the Insei (Demonspawn Transmuter)             Turns: 3689, Time: 00:13:05

Health: 0/42       AC:  2    Str: 11    XL:     5   Next: 74%
Magic:  5/9        EV: 19    Int: 15    God:
Gold:   159        SH:  0    Dex: 20    Spells: 7/10 levels left

rFire    . . .     SeeInvis .     - Unarmed
rCold    + . .     Gourm    .   (no shield)
rNeg     . . .     Faith    .   b - +0 robe
rPois    .         Spirit   .   (helmet restricted)
rElec    .         Reflect  .   f - scarf {cloud immunity}
rCorr    .         Harm     .   (no gloves)
MR       .....                  (no boots)
Stlth    +++.......             (no amulet)
HPRegen  0.14/turn              (no ring)
MPRegen  0.11/turn              (no ring)

@: agile, lethally poisoned (0 -> -10), very slightly contaminated
A: antennae 1, hooves 1, agile 1, cold resistance 1, robust 1
a: no special abilities


You were on level 3 of the Dungeon.
You were hungry.

You visited 1 branch of the dungeon, and saw 4 of its levels.

You collected 159 gold pieces.

Inventory:

Missiles
 a - 26 arrows
Armour
 b - a +0 robe (worn)
 f - a scarf of cloud immunity (worn)
Scrolls
 g - a scroll of enchant weapon {unknown}
 i - a scroll of teleportation {unknown}
 l - a scroll of fear {unknown}
 m - a scroll of immolation {unknown}
 o - a scroll of identify
Potions
 e - a potion of might
 h - a potion of haste {unknown}
 j - a potion of brilliance {unknown}
 k - a potion of invisibility {unknown}
Comestibles
 d - 6 rations
 p - a chunk of flesh


   Skills:
 + Level 2.6 Fighting
 + Level 2.9 Dodging
 + Level 3.5 Unarmed Combat
 + Level 3.0 Spellcasting
 + Level 2.9 Transmutations


You had 7 spell levels left.
You knew the following spells:

 Your Spells              Type           Power        Failure   Level  Hunger
a - Beastly Appendage     Tmut           ##....       6%          1    #......
b - Sticks to Snakes      Tmut           ##......     9%          2    ##.....

Your spell library contained the following spells:

 Spells                   Type           Power        Failure   Level  Hunger
 Spider Form              Tmut/Pois      #.........   32%         3    ###....
 Ice Form                 Ice/Tmut       #.......     73%         4    #####..
 Blade Hands              Tmut           ##........   86%         5    ######.


Dungeon Overview and Level Annotations

Branches:
Dungeon (4/15)
 Temple: D:4-7

Altars:
Elyvilon
Vehumet


Innate Abilities, Weirdness & Mutations

You have a pair of small antennae on your head.
You have large cloven feet.
Your flesh is cold resistant. (rC+)
You are agile. (Dex +2)
You are robust. (+10% HP)


Message History

You hit the scorpion but do no damage. The scorpion closely misses you.
You closely miss the scorpion.
You kick the scorpion, but do no damage.
Your adder closely misses the scorpion.
The scorpion misses you.
Your adder barely misses the scorpion.
You hit the scorpion but do no damage. The scorpion barely misses you.
Your adder barely misses the scorpion.
You closely miss the scorpion. You kick the scorpion.
The scorpion is lightly wounded.
Your adder completely misses the scorpion.
The scorpion stings you!
* * * LOW HITPOINT WARNING * * *
You are lethally poisoned!
The scorpion poisons you!
It was a potion of mutation.
You feel extremely strange.
You feel robust.
You feel resistant to hostile enchantments.
You feel less resistant to hostile enchantments.
You feel agile.
You die...

########.........#
#................#
######.######.........#
#........####.........##
#..........##..........#
#........#.##..........#
###.#......##..........#
#..s#####..##......รท...#
###.#Ss@#..#############
#...###..###
###.#.#.#....#
#.......#.##.##
#.......###...########
#.......##.....##....###
.#
#.......#.......##.#.s.#
.#
#..........._......#.#.#
####.#
#.......#.......#....#s#


You could see a scorpion and a friendly adder.

Vanquished Creatures
  A howler monkey (D:4)
  A crimson imp (D:4)
  3 gnolls (D:3)
  4 adders
  2 oozes (D:1)
  3 worms (D:2)
  3 dart slugs
  A leopard gecko (D:1)
  A ball python (D:1)
  7 bats
  5 hobgoblins
  6 jackals (D:1)
  A quokka (D:2)
  5 goblins
  4 kobolds
  9 rats
56 creatures vanquished.

Vanquished Creatures (collateral kills)
  2 adders (D:3)
  A gnoll (D:3)
  A bat (D:3)
  A hobgoblin (D:3)
  A kobold (D:3)
6 creatures vanquished.

Grand Total: 62 creatures vanquished

Notes
Turn   | Place    | Note
-------+----------+-------------------------------------------
     0 | D:1      | Doobh the Demonspawn Transmuter began the quest for the
                  | Orb.
     0 | D:1      | Reached XP level 1. HP: 15/15 MP: 3/3
   109 | D:1      | Gained mutation: You have large cloven feet. [demonic
                  | ancestry]
   109 | D:1      | Reached XP level 2. HP: 9/21 MP: 3/5
   493 | D:1      | Reached XP level 3. HP: 17/26 MP: 4/6
  1586 | D:2      | You fall into a shaft and drop 2 floors!
  1656 | D:4      | Gained mutation: Your flesh is cold resistant. (rC+)
                  | [demonic ancestry]
  1656 | D:4      | Reached XP level 4. HP: 31/33 MP: 5/7
  2122 | D:4      | Lost mutation: You have a pair of horns on your head.
                  | [demonic ancestry]
  2122 | D:4      | Lost mutation: You have a pair of small horns on your head.
                  | [demonic ancestry]
  2122 | D:4      | Gained mutation: You have a pair of small antennae on your
                  | head. [demonic ancestry]
  2122 | D:4      | Reached XP level 5. HP: 37/38 MP: 5/9
  2427 | D:3      | Found a radiant altar of Vehumet.
  3263 | D:3      | Learned a level 2 spell: Sticks to Snakes
  3407 | D:3      | Found a white marble altar of Elyvilon.
  3633 | D:3      | HP: 1/39 [gnoll (8)]
  3688 | D:3      | HP: 1/39 [scorpion (7)]
  3689 | D:3      | Gained mutation: You are robust. (+10% HP) [potion of
                  | mutation]
  3689 | D:3      | Gained mutation: You are resistant to hostile enchantments.
                  | (MR+) [potion of mutation]
  3689 | D:3      | Lost mutation: You are resistant to hostile enchantments.
                  | (MR+) [potion of mutation]
  3689 | D:3      | Gained mutation: You are agile. (Dex +2) [potion of
                  | mutation]
  3689 | D:3      | Succumbed to a scorpion's poison

Levels and vault maps discovered:
D:1:      psy_arrival_conway, layout_basic, serial_forest,
          infiniplex_forest_end_double, infiniplex_forest_clump_medium,
          infiniplex_forest_end_2, infiniplex_forest_zigzag_1,
          infiniplex_forest_clump_small, infiniplex_forest_clump_small,
          infiniplex_forest_lined_ring, infiniplex_forest_pool,
          infiniplex_forest_clump_diagonal
D:2:      layout_loops_ring, kennysheep_generic_room_12
D:3:      layout_basic, elyvilon_altar_5, lemuel_round_altar, st_stairs_14
D:4:      layout_gridville, first_ration, uniq_duvessa, uniq_natasha,
          uniq_eustachio, uniq_blork_the_orc

Skill      XL: |  1  2  3  4  5 |
---------------+----------------+-----
Dodging        | 2 |  2.9
Transmutations | 2 |  2.9
Unarmed Combat | 3 |  3.5
Fighting       | 2 |  2.6
Spellcasting   | 3 |  3.0

Action                   |  1- 3 |  4- 6 || total
-------------------------+-------+-------++-------
Melee: Unarmed           |   107 |   108 ||   215
       Headbutt          |    13 |     4 ||    17
       Kick              |    24 |    24 ||    48
       Punch             |     2 |     1 ||     3
 Cast: Beastly Appendage |    24 |     4 ||    28
       Sticks to Snakes  |       |     9 ||     9
  Use: Potion            |       |     6 ||     6
       Scroll            |       |     1 ||     1
  Eat: Chunk             |     3 |     6 ||     9
Armor: Robe              |    17 |     9 ||    26
Dodge: Dodged            |    76 |    93 ||   169
